 Dungeon Crawl Stone Soup version 0.31-a0-180-g519b7de00c (webtiles) character file.

Game seed: 14924011142445290816

72 olmar the Ruffian (level 4, 0/38 HPs)
             Began as a Naga Transmuter on June 20, 2023.
             Slain by a centaur (2 damage)
             ... on level 4 of the Dungeon.
             The game lasted 00:02:59 (2465 turns).

olmar the Ruffian (Naga Transmuter)                 Turns: 2465, Time: 00:02:59

Health: 0/38       AC:  4    Str: 13    XL:     4   Next: 25%
Magic:  7/7        EV: 10    Int: 15    God:
Gold:   145        SH:  0    Dex: 11    Spells: 1/7 levels left

rFire   . .          .
                       - Unarmed
rCold   . . .        (no shield)
rNeg    . . .        a - +0 robe
rPois   +            (helmet currently unavailable)
rElec   .            (no cloak)
rCorr   .            m - +1 pair of gloves
SInv    +            (no barding)
Will    .....        c - amulet of regeneration
Stlth   +            (no ring)
HPRegen 1.06/turn    (no ring)
MPRegen 0.10/turn

%: no passive effects
@: appendages, attractive, very slow
A: horns 2, AC +1, large, see invisible, deformed body, poison resistance,
slowness 2, spit poison 1, naga tail 1
a: Spit Poison, End Transformation


You were on level 4 of the Dungeon.
You had temporarily grown beastly horns.
You visited 1 branch of the dungeon, and saw 4 of its levels.

You collected 145 gold pieces.

Inventory:

Missiles
 i - 11 poisoned darts
 n - 3 boomerangs
Armour
 a - a +0 robe (worn)
 m - a +1 pair of gloves (worn)
Jewellery
 c - an amulet of regeneration (around neck)
Scrolls
 g - a scroll of poison {unknown}
 h - a scroll of torment {unknown}
 j - 2 scrolls of fear {unknown}
 k - a scroll of noise {unknown}
 l - a scroll of amnesia {unknown}
Potions
 b - 2 potions of lignification
 e - a potion of might {unknown}
 f - a potion of attraction


   Skills:
 + Level 1.2 Fighting
 + Level 2.2 Dodging
 + Level 1.1 Stealth
 + Level 4.0 Unarmed Combat
 + Level 2.2 Spellcasting
 + Level 2.1 Transmutations
 * Level 0.9 Poison Magic


You had one spell level left.
You knew the following spells:

 Your Spells              Type           Power      Damage    Failure   Level
a - Beastly Appendage     Tmut           16%        N/A       9%          1
b - Wereblood             Tmut           8%         N/A       14%         2
c - Spider Form           Tmut/Pois      6%         N/A       34%         3

Your spell library contained the following spells:

 Spells                   Type           Power      Damage    Failure   Level
 Ice Form                 Ice/Tmut       4%         N/A       80%         4


Dungeon Overview and Level Annotations

Branches:
Dungeon (4/15)
 Temple: D:4-7

Altars:
Ashenzari


Innate Abilities, Weirdness & Mutations

You have temporarily grown beastly horns.
Your serpentine skin is tough. (AC +1)
You have supernaturally acute eyesight. (SInv)
Armour fits poorly on your strangely shaped body.
Your system is resistant to poisons. (rPois)
You cover ground very slowly.
You can spit poison.
You have a snake-like lower body.


Message History

The centaur shoots an arrow.
The arrow hits you!
The centaur shoots an arrow.
The arrow hits you.
Unknown command.
The centaur unwields a +0 shortbow.
The centaur barely misses you. The centaur closely misses you. x2
The centaur kicks you but does no damage.
Unknown command.
You hit the centaur.
The centaur is lightly wounded.
The centaur closely misses you. x2
Unknown command.
You hit the centaur.
The centaur is moderately wounded.
The centaur hits you but does no damage.
The centaur kicks you. The centaur barely misses you. The centaur kicks you.
Casting: Beastly Appendage (safe; 9% risk of failure)
Confirm with . or Enter, or press ? or * to list all spells.
You grow a pair of large bovine horns.
The centaur hits you.
The centaur kicks you but does no damage.
Unknown command.
You hit the centaur.
The centaur is moderately wounded.
The centaur hits you. The centaur kicks you.
* * * LOW HITPOINT WARNING * * *
Unknown command.
You hit the centaur. Your headbutt misses the centaur.
The centaur is severely wounded.
The centaur hits you.
* * * LOW HITPOINT WARNING * * *
The centaur closely misses you. The centaur misses you.
The centaur kicks you but does no damage.
Unknown command.
It was a potion of attraction.
You feel attractive to monsters. The centaur hits you.
* * * LOW HITPOINT WARNING * * *
The centaur kicks you but does no damage.
It was a potion of magic.
Magic courses through your body. The centaur hits you.
You die...

### #.. #.# ###.#
# #
##.#.########.#
.##
#.#[.......@c.#
#..
##.#.##########
#.# ##....# #.#
###.<...#########
#.#
......[.....)†..#
##<######
###.....#######.#
#........ ##....#
#.#######.#######
##.#.#
#.........# #.#.#
###########


You could see a centaur.

Vanquished Creatures
  An adder (D:2)
  A dart slug (D:1)
  2 worms (D:2)
  An orc (D:3)
  3 endoplasms
  4 giant cockroaches
  7 goblins
  6 hobgoblins
  5 kobolds
  2 quokkas (D:1)
  5 ball pythons
  3 bats
  3 frilled lizards
  6 rats
49 creatures vanquished.

Notes
Turn   | Place    | Note
-------+----------+-------------------------------------------
     0 | D:1      | olmar the Naga Transmuter began the quest for the Orb.
     0 | D:1      | Reached XP level 1. HP: 18/18 MP: 3/3
   202 | D:1      | Reached XP level 2. HP: 21/25 MP: 5/5
   271 | D:1      | Learned a level 2 spell: Wereblood
   976 | D:2      | Found a broken altar of Ashenzari.
   989 | D:2      | Reached XP level 3. HP: 20/31 MP: 2/6
   993 | D:2      | Learned a level 3 spell: Spider Form
  1111 | D:2      | Reached skill level 1 in Stealth
  2065 | D:3      | Reached XP level 4. HP: 38/38 MP: 7/7
  2184 | D:3      | Reached skill level 4 in Unarmed Combat
  2309 | D:3      | Noticed an ogre
  2452 | D:4      | Noticed a centaur
  2464 | D:4      | HP: 1/38 [centaur (4)]
  2465 | D:4      | Slain by a centaur

Illustrated notes

Levels and vault maps discovered:
D:1:      psy_arrival_terrarium, layout_basic
D:2:      layout_loops_cross, basic_altar, corexii_item_surrounded_by_moat
D:3:      layout_rooms, shapermc_ecumenical_altar_mp_vishouse
D:4:      layout_loops_ring, eat_drink_and_be_merry_uskayaw,
          mainiacjoe_overflow_tiny_flanked, grunt_tough_drop

Skill      XL: |  1  2  3  4 |
---------------+-------------+-----
Dodging        | 2 |  2.2
Stealth        | 1 |  1.1
Unarmed Combat | 4 |  4.0
Fighting       | |  1.2
Spellcasting   | |  2.2
Transmutations | |  2.1
Poison Magic   | |  0.9

Action                     |  1- 3 |  4- 6 || total
---------------------------+-------+-------++-------
  Melee: Unarmed           |   127 |    47 ||   174
         Punch             |     2 |       ||     2
         Headbutt          |     5 |     3 ||     8
   Cast: Beastly Appendage |     8 |     3 ||    11
         Wereblood         |     6 |     2 ||     8
Ability: Spit Poison       |     8 |     1 ||     9
    Use: Scroll            |     2 |     1 ||     3
         Potion            |       |     2 ||     2
   Stab: Sleeping          |     2 |       ||     2
 Armour: Robe              |    14 |    22 ||    36
  Dodge: Dodged            |    59 |    38 ||    97

Table legend: (Time is in decaauts)
 A = Elapsed time spent in this place.
 B = Non-inter-level travel time spent in this place.
 C = Inter-level travel time spent in this place.
 D = Time resting spent in this place.
 E = Time spent auto-exploring this place.
 F = Levels seen in this place.
 G = Mean time per level.
                   A        B        C        D        E       F      G
               +--------+--------+--------+--------+--------+-----+--------+
         Total |   3087 |   2962 |    125 |    102 |   2319 |   4 |  771.8 |
       Dungeon |   3087 |   2962 |    125 |    102 |   2319 |   4 |  771.8 |
               +--------+--------+--------+--------+--------+-----+--------+

Top non-repeatable levels by time:
     D:2: 1288 daAuts
     D:1: 1233 daAuts
     D:3: 477 daAuts
     D:4: 88 daAuts
